SA
SYRACUSE STORM @ GRIM REAPERS
08/22/2026
 
TOP OF THE 1ST
Syracuse Storm batting - Pitching for Grim Reapers : LHP Ricardo Ruíz
Pitching: LHP Ricardo Ruíz
Batting: RHB José Costello 0-0: Foul Ball, location: 2F
0-1: Swinging Strike
0-2: Foul Ball, location: 2F
0-2: Fly out, F7 (Line Drive, 78S)
Batting: RHB Phil Sherman 0-0: Called Strike
0-1: Ball
1-1: Ball
2-1: Ball
3-1: Base on Balls
Batting: RHB Eduardo Santos 0-0: Called Strike
0-1: Ball
1-1: Swinging Strike
1-2: Strikes out looking
Batting: RHB Jim Unknown 0-0: Called Strike
0-1: Fly out, F5 (Line Drive, 56)
Top of the 1st over - 0 run(s), 0 hit(s), 0 error(s), 1 left on base; Syracuse 0 - Grim 0
BOTTOM OF THE 1ST
Grim Reapers batting - Pitching for Syracuse Storm : LHP António Muńóz
Pitching: LHP António Muńóz
Batting: RHB Dave Sienna 0-0: Ball
1-0: Called Strike
1-1: SINGLE (Line Drive, 8LS)
Batting: RHB Tomás Costello 0-0: Ball
1-0: Swinging Strike
1-1: Ball
2-1: SINGLE (Line Drive, 89S)
Dave Sienna to second
Batting: SHB Marcos Roa 0-0: Fly out, F8 (Flyball, 8LM)
Batting: RHB Raúl Moreno 0-0: Foul Ball, location: 2F
0-1: Fly out, F9 (Flyball, 9LS)
Batting: LHB Steve Costillo 0-0: Swinging Strike
0-1: Ball
1-1: Swinging Strike
1-2: Strikes out swinging
Bottom of the 1st over - 0 run(s), 2 hit(s), 0 error(s), 2 left on base; Syracuse 0 - Grim 0
TOP OF THE 2ND
Syracuse Storm batting - Pitching for Grim Reapers : LHP Ricardo Ruíz
Batting: LHB Phil MacNamara 0-0: Foul Ball, location: 2F
0-1: Ball
1-1: Ball
2-1: Called Strike
2-2: Foul Ball, location: 2F
2-2: Strikes out looking
Batting: RHB Jerry Bowen 0-0: Called Strike
0-1: Ball
1-1: Swinging Strike
1-2: Strikes out swinging
Batting: RHB Tyrell Wellick 0-0: Called Strike
0-1: Ball
1-1: SINGLE (Flyball, 9LS)
Batting: LHB José Trejo 0-0: Swinging Strike
0-1: Swinging Strike
0-2: Foul Ball, location: 2F
0-2: Ball
1-2: Ball
2-2: Foul Ball, location: 2F
2-2: Strikes out looking
Top of the 2nd over - 0 run(s), 1 hit(s), 0 error(s), 1 left on base; Syracuse 0 - Grim 0
BOTTOM OF THE 2ND
Grim Reapers batting - Pitching for Syracuse Storm : LHP António Muńóz
Batting: RHB Marcos Martínez 0-0: Ball
1-0: Foul Ball, location: 2F
1-1: Foul Ball, location: 2F
1-2: Ball
2-2: Foul Ball, location: 2F
2-2: Ball
3-2: Reached on error, E6 (Groundball, 6S)
Batting: SHB Carlos Chávez 0-0: Called Strike
0-1: Called Strike
0-2: Ball
1-2: Strikes out swinging
Batting: LHB Dante Aristizabal 0-0: Ball
1-0: Ball
2-0: Called Strike
2-1: Called Strike
2-2: Ball
3-2: Reached on error, E4 (Groundball, 34)
Marcos Martínez scores
Batting: RHB Tomás Duarte 0-0: Ball
1-0: Called Strike
1-1: Foul Ball, location: 2F
1-2: Strikes out swinging
Batting: RHB Dave Sienna 0-0: Called Strike
0-1: Ball
1-1: Ball
2-1: Called Strike
2-2: 2-RUN HOME RUN (Flyball, 8LXD), Distance : 447 ft
Batting: RHB Tomás Costello 0-0: SINGLE (Groundball, 5D)
Batting: SHB Marcos Roa 0-0: Ball
1-0: DOUBLE (Flyball, 7D)
Tomás Costello to third
Batting: RHB Raúl Moreno 0-0: Called Strike
0-1: Ball
1-1: Foul Ball, location: 2F
1-2: Fly out, F9 (Flyball, 89S)
Bottom of the 2nd over - 3 run(s), 3 hit(s), 2 error(s), 2 left on base; Syracuse 0 - Grim 3
TOP OF THE 3RD
Syracuse Storm batting - Pitching for Grim Reapers : LHP Ricardo Ruíz
Batting: RHB Carlos Ávila 0-0: Called Strike
0-1: Ball
1-1: Ball
2-1: Called Strike
2-2: Ball
3-2: Strikes out swinging
Batting: RHB José Costello 0-0: Swinging Strike
0-1: Called Strike
0-2: Strikes out swinging
Batting: RHB Phil Sherman 0-0: Ball
1-0: Foul Ball, location: 2F
1-1: Ball
2-1: Called Strike
2-2: Fly out, F7 (Flyball, 78S)
Top of the 3rd over - 0 run(s), 0 hit(s), 0 error(s), 0 left on base; Syracuse 0 - Grim 3
BOTTOM OF THE 3RD
Grim Reapers batting - Pitching for Syracuse Storm : LHP António Muńóz
Batting: LHB Steve Costillo 0-0: Ball
1-0: Ball
2-0: Ground out 4-3 (Groundball, 4)
Batting: RHB Marcos Martínez 0-0: Ball
1-0: Reached on error, E9 (Line Drive, 9)
Batting: SHB Carlos Chávez 0-0: Swinging Strike
0-1: Called Strike
0-2: Ball
1-2: Foul Ball, location: 2F
1-2: Ball
2-2: Foul Ball, location: 2F
2-2: Strikes out swinging
Batting: LHB Dante Aristizabal 0-0: 2-RUN HOME RUN (Flyball, 9D), Distance : 390 ft
Batting: RHB Tomás Duarte 0-0: Ball
1-0: Foul Ball, location: 2F
1-1: Fly out, F7 (Flyball, 78S)
Bottom of the 3rd over - 2 run(s), 1 hit(s), 1 error(s), 0 left on base; Syracuse 0 - Grim 5
TOP OF THE 4TH
Syracuse Storm batting - Pitching for Grim Reapers : LHP Ricardo Ruíz
Batting: RHB Eduardo Santos 0-0: Ground out 5-3 (Groundball, 56)
Batting: RHB Jim Unknown 0-0: Ball
1-0: Foul Ball, location: 2F
1-1: Ball
2-1: SINGLE (Groundball, 34D)
Batting: LHB Phil MacNamara 0-0: Ball
Jim Unknown steals 2nd base
1-0: Foul Ball, location: 2F
1-1: Swinging Strike
1-2: Ball
Wild Pitch!
Jim Unknown to third
2-2: Strikes out looking
Batting: RHB Jerry Bowen 0-0: Called Strike
0-1: Foul Ball, location: 2F
0-2: Strikes out swinging
Top of the 4th over - 0 run(s), 1 hit(s), 0 error(s), 1 left on base; Syracuse 0 - Grim 5
BOTTOM OF THE 4TH
Grim Reapers batting - Pitching for Syracuse Storm : LHP António Muńóz
Batting: RHB Dave Sienna 0-0: Ball
1-0: Ball
2-0: Ball
3-0: Base on Balls
Batting: RHB Tomás Costello 0-0: Called Strike
0-1: Ball
1-1: Ball
2-1: Ground out 4-3 (Groundball, 34)
Dave Sienna to second
Batting: SHB Marcos Roa 0-0: Called Strike
0-1: Foul Ball, location: 2F
0-2: Strikes out swinging
Batting: RHB Raúl Moreno 0-0: Swinging Strike
0-1: Ball
1-1: Ball
2-1: Foul Ball, location: 2F
2-2: Ball
3-2: Base on Balls
Batting: LHB Steve Costillo 0-0: Called Strike
0-1: Ball
1-1: Swinging Strike
1-2: Strikes out swinging
Bottom of the 4th over - 0 run(s), 0 hit(s), 0 error(s), 2 left on base; Syracuse 0 - Grim 5
TOP OF THE 5TH
Syracuse Storm batting - Pitching for Grim Reapers : LHP Ricardo Ruíz
Batting: RHB Tyrell Wellick 0-0: Swinging Strike
0-1: Ground out 6-3 (Groundball, 56)
Batting: LHB José Trejo 0-0: Ball
1-0: Called Strike
1-1: Ball
2-1: SOLO HOME RUN (Flyball, 78XD), Distance : 415 ft
Batting: RHB Carlos Ávila 0-0: Called Strike
0-1: Ball
1-1: Foul Ball, location: 2F
1-2: Fly out, F5 (Popup, 56S)
Batting: RHB José Costello 0-0: Called Strike
0-1: Ball
1-1: Swinging Strike
1-2: Foul Ball, location: 2F
1-2: Strikes out swinging
Top of the 5th over - 1 run(s), 1 hit(s), 0 error(s), 0 left on base; Syracuse 1 - Grim 5
BOTTOM OF THE 5TH
Grim Reapers batting - Pitching for Syracuse Storm : LHP António Muńóz
Batting: RHB Marcos Martínez 0-0: Ball
1-0: Ball
2-0: Foul Ball, location: 2F
2-1: Called Strike
2-2: Ball
3-2: Base on Balls
Batting: SHB Carlos Chávez 0-0: Sac Bunt - play at first, batter OUT! 1-3
Marcos Martínez to second
Batting: LHB Dante Aristizabal 0-0: Intentional Walk
Batting: RHB Tomás Duarte 0-0: Swinging Strike
0-1: Ball
1-1: Foul Ball, location: 2F
1-2: Ball
2-2: Foul Ball, location: 2F
2-2: Foul Ball, location: 2F
2-2: Foul Ball, location: 2F
2-2: 3-RUN HOME RUN (Flyball, 89D), Distance : 406 ft
Pitching: RHP Collin Ferrer
Batting: RHB Dave Sienna 0-0: Called Strike
0-1: Ball
1-1: Fly out, F7 (Flyball, 78S)
Batting: RHB Tomás Costello 0-0: Called Strike
0-1: Ball
1-1: Foul Ball, location: 2F
1-2: Strikes out looking
Bottom of the 5th over - 3 run(s), 1 hit(s), 0 error(s), 0 left on base; Syracuse 1 - Grim 8
TOP OF THE 6TH
Syracuse Storm batting - Pitching for Grim Reapers : LHP Ricardo Ruíz
Batting: RHB Phil Sherman 0-0: Foul Ball, location: 2F
0-1: Foul Ball, location: 2F
0-2: Ball
1-2: Foul Ball, location: 2F
1-2: SINGLE (Groundball, 5D)
Batting: RHB Eduardo Santos 0-0: Fly out, F9 (Flyball, 9LS)
Batting: RHB Jim Unknown 0-0: Foul Ball, location: 2F
0-1: Ball
1-1: Called Strike
1-2: Foul Ball, location: 2F
1-2: Ball
2-2: Ball
3-2: Base on Balls
Phil Sherman to second
Batting: LHB Phil MacNamara 0-0: Called Strike
0-1: Ball
1-1: Called Strike
1-2: Strikes out swinging
Batting: RHB Jerry Bowen 0-0: Foul Ball, location: 2F
0-1: Fly out, F8 (Flyball, 8RM)
Top of the 6th over - 0 run(s), 1 hit(s), 0 error(s), 2 left on base; Syracuse 1 - Grim 8
BOTTOM OF THE 6TH
Grim Reapers batting - Pitching for Syracuse Storm : RHP Collin Ferrer
Batting: SHB Marcos Roa 0-0: Called Strike
0-1: Foul Ball, location: 2F
0-2: Ball
1-2: Ball
2-2: Ground out 3-1 (Groundball, 34)
Batting: RHB Raúl Moreno 0-0: Called Strike
0-1: SINGLE (Groundball, 6D)
Batting: LHB Steve Costillo 0-0: Ball
1-0: Ball
2-0: Foul Ball, location: 2F
2-1: Called Strike
2-2: Foul Ball, location: 2F
2-2: Strikes out swinging
Batting: RHB Marcos Martínez 0-0: Called Strike
0-1: Ball
1-1: Ball
2-1: Ball
3-1: Foul Ball, location: 2F
3-2: Base on Balls
Raúl Moreno to second
Batting: SHB Carlos Chávez 0-0: Ball
1-0: Ball
Wild Pitch!
Raúl Moreno to third
Marcos Martínez to second
2-0: Called Strike
2-1: Swinging Strike
2-2: Reached on error, E6 (Groundball, 6D)
Raúl Moreno scores
Marcos Martínez to third
Batting: LHB Dante Aristizabal 0-0: Ball
1-0: Called Strike
1-1: 3-RUN HOME RUN (Flyball, 89XD), Distance : 424 ft
Batting: RHB Tomás Duarte 0-0: Ground out 1-3 (Groundball, 13S)
Bottom of the 6th over - 4 run(s), 2 hit(s), 1 error(s), 0 left on base; Syracuse 1 - Grim 12
TOP OF THE 7TH
Syracuse Storm batting - Pitching for Grim Reapers : LHP Ricardo Ruíz
Batting: RHB Tyrell Wellick 0-0: Called Strike
0-1: Ball
1-1: Foul Ball, location: 2F
1-2: Ball
2-2: Foul Ball, location: 2F
2-2: Foul Ball, location: 2F
2-2: Ground out 1-3 (Groundball, 13)
Batting: LHB José Trejo 0-0: Called Strike
0-1: SINGLE (Line Drive, 8LS)
Pitching: LHP Ralph Henderson
Batting: RHB Carlos Ávila 0-0: Called Strike
0-1: Ball
1-1: Ball
2-1: Swinging Strike
2-2: Grounds into double play, 3-6-3 (Groundball, 34)
Top of the 7th over - 0 run(s), 1 hit(s), 0 error(s), 0 left on base; Syracuse 1 - Grim 12
BOTTOM OF THE 7TH
Grim Reapers batting - Pitching for Syracuse Storm : RHP Collin Ferrer
Pitching: RHP Rich McLean
Batting: RHB Dave Sienna 0-0: Called Strike
0-1: Ball
1-1: Swinging Strike
1-2: Ball
2-2: Strikes out swinging
Batting: RHB Tomás Costello 0-0: Called Strike
0-1: Ball
1-1: Ball
2-1: Called Strike
2-2: Foul Ball, location: 2F
2-2: Strikes out swinging
Batting: SHB Marcos Roa 0-0: Ball
1-0: Ball
2-0: Called Strike
2-1: Called Strike
2-2: Strikes out swinging, 2-3 out at first.
Bottom of the 7th over - 0 run(s), 0 hit(s), 0 error(s), 0 left on base; Syracuse 1 - Grim 12
TOP OF THE 8TH
Syracuse Storm batting - Pitching for Grim Reapers : LHP Ralph Henderson
Batting: RHB José Costello 0-0: Swinging Strike
0-1: Fly out, F9 (Flyball, 89M)
Batting: RHB Phil Sherman 0-0: Ball
1-0: Ball
2-0: Ball
3-0: Called Strike
3-1: Base on Balls
Batting: RHB Eduardo Santos 0-0: Ball
1-0: Hit by Pitch
Phil Sherman to second
Batting: RHB Jim Unknown 0-0: Foul Ball, location: 2F
0-1: Ball
1-1: Ball
2-1: Fly out, F6 (Popup, 6)
Batting: LHB Phil MacNamara 0-0: Called Strike
0-1: Ball
1-1: Ball
2-1: Ball
3-1: Foul Ball, location: 2F
3-2: Strikes out swinging
Top of the 8th over - 0 run(s), 0 hit(s), 0 error(s), 2 left on base; Syracuse 1 - Grim 12
BOTTOM OF THE 8TH
Grim Reapers batting - Pitching for Syracuse Storm : RHP Rich McLean
Batting: RHB Raúl Moreno 0-0: Called Strike
0-1: Ball
1-1: Foul Ball, location: 2F
1-2: SINGLE (Line Drive, 78S)
Batting: LHB Steve Costillo 0-0: Called Strike
0-1: Ground out 5-3 (Groundball, 56S)
Raúl Moreno to second
Batting: RHB Marcos Martínez 0-0: Ball
1-0: Ball
2-0: Ball
Wild Pitch!
Raúl Moreno to third
3-0: Base on Balls
Batting: SHB Carlos Chávez 0-0: Called Strike
0-1: DOUBLE (Line Drive, 5D)
Raúl Moreno scores
Marcos Martínez to third
Batting: LHB Dante Aristizabal 0-0: Ball
1-0: Ball
2-0: Ball
3-0: Called Strike
3-1: Called Strike
3-2: Foul Ball, location: 2F
3-2: Foul Ball, location: 2F
3-2: Foul Ball, location: 2F
3-2: Base on Balls
Pinch Hitting: RHB Carlos Evangelho 0-0: Ball
1-0: Fly out, F9 (Flyball, 9LMF)
Runner from 3rd tags up, SCORES, no throw
Batting: RHB Dave Sienna 0-0: Ball
1-0: Foul Ball, location: 2F
1-1: Foul Ball, location: 2F
1-2: Fly out, F7 (Flyball, 78M)
Bottom of the 8th over - 2 run(s), 2 hit(s), 0 error(s), 2 left on base; Syracuse 1 - Grim 14
TOP OF THE 9TH
Syracuse Storm batting - Pitching for Grim Reapers : LHP Ralph Henderson
Now in LF: Júlio Gonzáles
Now in RF: David Gaston
Batting: RHB Jerry Bowen 0-0: Ground out 4-3 (Groundball, 4)
Batting: RHB Tyrell Wellick 0-0: Foul Ball, location: 2F
0-1: Ball
1-1: Ball
2-1: Ball
3-1: Base on Balls
Batting: LHB José Trejo 0-0: Called Strike
0-1: Grounds into double play, U3-6 (Groundball, 3L)
Top of the 9th over - 0 run(s), 0 hit(s), 0 error(s), 0 left on base; Syracuse 1 - Grim 14
Monday, March 20th, 2017 - OOTP Baseball 17.12 Build 75